| TOP OF THE 1ST |
|
Corpus Christi Hooks batting - Pitching for Midland RockHounds : RHP Dave Quintero
|
|
Pitching: RHP Dave Quintero
|
|
|
Batting: RHB Jeremy Trump
|
0-0: Ball 1-0: Swinging Strike 1-1: Ball 2-1: Ball 3-1: Foul Ball, location: 2F 3-2: Ground out U3 (Groundball, 34S, EV 90.6 MPH)
|
|
Batting: RHB Paul Shell
|
0-0: Called Strike 0-1: Ball 1-1: Ground out 6-3 (Groundball, 6, EV 86.9 MPH)
|
|
Batting: SHB Nate Kopchak
|
0-0: Ball 1-0: Called Strike 1-1: Swinging Strike 1-2: Fly out, F7 (Flyball, 78D, EV 100.6 MPH)
|
| Top of the 1st over - 0 runs, 0 hits, 0 errors, 0 left on base; Corpus Christi 0 - Midland 0 |
| BOTTOM OF THE 1ST |
|
Midland RockHounds batting - Pitching for Corpus Christi Hooks : RHP Chad Curry
|
|
Pitching: RHP Chad Curry
|
|
|
Batting: RHB Willie de los Santos
|
0-0: Swinging Strike 0-1: Fly out, F3 (Popup, 3F, EV 73.8 MPH)
|
|
Batting: RHB Mario Ramos
|
0-0: Called Strike 0-1: Foul Ball, location: 2F 0-2: Ball 1-2: Ball 2-2: Ground out 6-3 (Groundball, 6, EV 90.0 MPH)
|
|
Batting: LHB Chance Stever
|
0-0: Ball 1-0: Ball 2-0: Foul Ball, location: 2F 2-1: Fly out, F5 (Popup, 5S, EV 78.8 MPH)
|
| Bottom of the 1st over - 0 runs, 0 hits, 0 errors, 0 left on base; Corpus Christi 0 - Midland 0 |
| TOP OF THE 2ND |
|
Corpus Christi Hooks batting - Pitching for Midland RockHounds : RHP Dave Quintero
|
|
Batting: LHB Nick Foutz
|
0-0: Ball 1-0: Swinging Strike 1-1: Fly out, F9 (Flyball, 9S, EV 81.9 MPH)
|
|
Batting: LHB Angelo Vasquez
|
0-0: Ball 1-0: Ball 2-0: Ball 3-0: Called Strike 3-1: Called Strike 3-2: Strikes out swinging
|
|
Batting: SHB Troy Kenyon
|
0-0: Ground out 5-3 (Groundball, 56, EV 86.9 MPH)
|
| Top of the 2nd over - 0 runs, 0 hits, 0 errors, 0 left on base; Corpus Christi 0 - Midland 0 |
| BOTTOM OF THE 2ND |
|
Midland RockHounds batting - Pitching for Corpus Christi Hooks : RHP Chad Curry
|
|
Batting: RHB Jorge Bernal
|
0-0: Called Strike 0-1: Fly out, F5 (Popup, 5, EV 66.2 MPH)
|
|
Batting: RHB Chris Montgomery
|
0-0: Called Strike 0-1: Swinging Strike 0-2: Ball 1-2: Ball 2-2: Ball 3-2: Foul Ball, location: 2F 3-2: Ground out 5-3 (Groundball, 56, EV 85.6 MPH)
|
|
Pitching: RHP Elroy Meulenkamp
|
|
|
Batting: SHB John Cummings
|
0-0: Ball 1-0: Ball 2-0: Ball 3-0: Called Strike 3-1: DOUBLE (Flyball, 8LXD, EV 98.8 MPH)
|
|
Batting: RHB Fathi Addae
|
0-0: Ball 1-0: Ball 2-0: Called Strike 2-1: Called Strike 2-2: Strikes out swinging
|
| Bottom of the 2nd over - 0 runs, 1 hit, 0 errors, 1 left on base; Corpus Christi 0 - Midland 0 |
| TOP OF THE 3RD |
|
Corpus Christi Hooks batting - Pitching for Midland RockHounds : RHP Dave Quintero
|
|
Batting: RHB Chris McGrath
|
0-0: Ground out 6-3 (Groundball, 6, EV 108.1 MPH)
|
|
Batting: SHB Chris Keziah
|
0-0: Called Strike 0-1: Ball 1-1: Ball 2-1: Ground out 4-3 (Groundball, 34, EV 81.2 MPH)
|
|
Batting: RHB Greg Marlar
|
0-0: Called Strike 0-1: Ball 1-1: Ball 2-1: Ball 3-1: Base on Balls
|
|
Batting: RHB Jeremy Trump
|
0-0: Ball 1-0: Ball 2-0: SINGLE (Line Drive, 3D, EV 98.8 MPH) Greg Marlar to second Runner from 2nd tries for 3rd, SAFE, throw by RF made to third
|
|
Batting: RHB Paul Shell
|
0-0: Ball 1-0: Called Strike 1-1: Ball 2-1: Ball 3-1: Foul Ball, location: 2F 3-2: Strikes out swinging
|
| Top of the 3rd over - 0 runs, 1 hit, 0 errors, 2 left on base; Corpus Christi 0 - Midland 0 |
| BOTTOM OF THE 3RD |
|
Midland RockHounds batting - Pitching for Corpus Christi Hooks : RHP Elroy Meulenkamp
|
|
Batting: SHB Quincy Bradford
|
0-0: Called Strike 0-1: Ball 1-1: Ball 2-1: Fly out, F6 (Popup, 15, EV 86.9 MPH)
|
|
Batting: RHB Bastiaan Leenders
|
0-0: Fly out, F9 (Flyball, 9S, EV 86.2 MPH)
|
|
Batting: RHB Willie de los Santos
|
0-0: Called Strike 0-1: Ground out 1-3 (Groundball, 13, EV 68.1 MPH)
|
| Bottom of the 3rd over - 0 runs, 0 hits, 0 errors, 0 left on base; Corpus Christi 0 - Midland 0 |
| TOP OF THE 4TH |
|
Corpus Christi Hooks batting - Pitching for Midland RockHounds : RHP Dave Quintero
|
|
Batting: SHB Nate Kopchak
|
0-0: Ball 1-0: Called Strike 1-1: Ball 2-1: Ball 3-1: Called Strike 3-2: Fly out, F7 (Flyball, 78S, EV 95.0 MPH)
|
|
Batting: LHB Nick Foutz
|
0-0: Ball 1-0: Swinging Strike 1-1: Ball 2-1: Fly out, F9 (Flyball, 9D, EV 96.2 MPH)
|
|
Batting: LHB Angelo Vasquez
|
0-0: Fly out, F7 (Flyball, 7, EV 84.4 MPH)
|
| Top of the 4th over - 0 runs, 0 hits, 0 errors, 0 left on base; Corpus Christi 0 - Midland 0 |
| BOTTOM OF THE 4TH |
|
Midland RockHounds batting - Pitching for Corpus Christi Hooks : RHP Elroy Meulenkamp
|
|
Batting: RHB Mario Ramos
|
0-0: Ground out 5-3 (Groundball, 56, EV 102.5 MPH)
|
|
Batting: LHB Chance Stever
|
0-0: Called Strike 0-1: Ball 1-1: Fly out, F9 (Flyball, 89S, EV 88.8 MPH)
|
|
Batting: RHB Jorge Bernal
|
0-0: Ball 1-0: SINGLE (Groundball, 56, EV 105.6 MPH) (infield hit)
|
|
Batting: RHB Chris Montgomery
|
0-0: Called Strike 0-1: Called Strike Jorge Bernal is caught stealing 2nd base 2-4
|
| Bottom of the 4th over - 0 runs, 1 hit, 0 errors, 0 left on base; Corpus Christi 0 - Midland 0 |
| TOP OF THE 5TH |
|
Corpus Christi Hooks batting - Pitching for Midland RockHounds : RHP Dave Quintero
|
|
Batting: SHB Troy Kenyon
|
0-0: Foul Ball, location: 2F 0-1: Ball 1-1: Foul Ball, location: 2F 1-2: Fly out, F9 (Flyball, 89S, EV 92.5 MPH)
|
|
Batting: RHB Chris McGrath
|
0-0: Called Strike 0-1: Fly out, F9 (Flyball, 9D, EV 102.5 MPH)
|
|
Batting: SHB Chris Keziah
|
0-0: Swinging Strike 0-1: Swinging Strike 0-2: Ball 1-2: Ball 2-2: Foul Ball, location: 2F 2-2: Strikes out swinging
|
| Top of the 5th over - 0 runs, 0 hits, 0 errors, 0 left on base; Corpus Christi 0 - Midland 0 |
| BOTTOM OF THE 5TH |
|
Midland RockHounds batting - Pitching for Corpus Christi Hooks : RHP Elroy Meulenkamp
|
|
Batting: RHB Chris Montgomery
|
0-0: Ball 1-0: Called Strike 1-1: SINGLE (Groundball, 56S, EV 63.8 MPH) (infield hit)
|
|
Batting: SHB John Cummings
|
0-0: Ball 1-0: DOUBLE (Groundball, 5L, EV 98.8 MPH) Chris Montgomery to third
|
|
Batting: RHB Fathi Addae
|
0-0: Ball 1-0: SINGLE (Line Drive, 8LS, EV 103.1 MPH) Chris Montgomery scores John Cummings to third
|
|
Batting: SHB Quincy Bradford
|
0-0: Called Strike 0-1: Called Strike 0-2: Foul Ball, location: 2F 0-2: Strikes out swinging
|
|
Batting: RHB Bastiaan Leenders
|
0-0: Called Strike 0-1: Fly out, F6 (Line Drive, 5, EV 70.6 MPH)
|
|
Batting: RHB Willie de los Santos
|
0-0: Called Strike 0-1: Ball 1-1: Ball 2-1: DOUBLE (Groundball, 5L, EV 96.2 MPH) John Cummings scores Fathi Addae to third Runner from 3rd tries for Home, throw by LF and OUT! 7-6-2
|
| Bottom of the 5th over - 2 runs, 4 hits, 0 errors, 1 left on base; Corpus Christi 0 - Midland 2 |
| TOP OF THE 6TH |
|
Corpus Christi Hooks batting - Pitching for Midland RockHounds : RHP Dave Quintero
|
|
Batting: RHB Greg Marlar
|
0-0: Ball 1-0: Called Strike 1-1: Ball 2-1: Foul Ball, location: 2F 2-2: Strikes out swinging
|
|
Pitching: LHP Jin-ho Koo
|
|
|
Batting: RHB Jeremy Trump
|
0-0: Ball 1-0: Ball 2-0: Ball 3-0: Base on Balls
|
|
Batting: RHB Paul Shell
|
0-0: Called Strike Jeremy Trump steals 2nd base 0-1: Ball 1-1: Foul Ball, location: 2F 1-2: Strikes out swinging
|
|
Batting: SHB Nate Kopchak
|
0-0: Ground out 4-3 (Groundball, 4, EV 86.2 MPH)
|
| Top of the 6th over - 0 runs, 0 hits, 0 errors, 1 left on base; Corpus Christi 0 - Midland 2 |
| BOTTOM OF THE 6TH |
|
Midland RockHounds batting - Pitching for Corpus Christi Hooks : RHP Elroy Meulenkamp
|
|
Batting: RHB Mario Ramos
|
0-0: Foul Ball, location: 2F 0-1: Ground out 6-3 (Groundball, 6, EV 83.1 MPH)
|
|
Batting: LHB Chance Stever
|
0-0: Ball 1-0: Ball 2-0: Called Strike 2-1: Swinging Strike 2-2: Foul Ball, location: 2F 2-2: Foul Ball, location: 2F 2-2: Foul Ball, location: 2F 2-2: Ball 3-2: SINGLE (Groundball, 6MD, EV 98.8 MPH)
|
|
Batting: RHB Jorge Bernal
|
0-0: Called Strike 0-1: Ball 1-1: Fly out, F9 (Flyball, 9D, EV 78.8 MPH)
|
|
Pitching: RHP Alexander Hagan
|
|
|
Batting: RHB Chris Montgomery
|
0-0: Ball 1-0: Called Strike 1-1: Ball 2-1: Called Strike 2-2: Foul Ball, location: 2F 2-2: Foul Ball, location: 2F 2-2: Fielders Choice at 2nd, 6-4 (Groundball, 6, EV 102.5 MPH)
|
| Bottom of the 6th over - 0 runs, 1 hit, 0 errors, 1 left on base; Corpus Christi 0 - Midland 2 |
| TOP OF THE 7TH |
|
Corpus Christi Hooks batting - Pitching for Midland RockHounds : LHP Jin-ho Koo
|
|
Batting: LHB Nick Foutz
|
0-0: Foul Ball, location: 2F 0-1: Foul Ball, location: 2F 0-2: Ball 1-2: Fly out, F7 (Flyball, 78M, EV 90.6 MPH)
|
|
Batting: LHB Angelo Vasquez
|
0-0: Called Strike 0-1: Called Strike 0-2: Strikes out swinging
|
|
Batting: SHB Troy Kenyon
|
0-0: Called Strike 0-1: Ball 1-1: Foul Ball, location: 2F 1-2: Ball 2-2: Foul Ball, location: 2F 2-2: SINGLE (Line Drive, 4D, EV 103.1 MPH)
|
|
Batting: RHB Chris McGrath
|
0-0: Foul Ball, location: 2F 0-1: Called Strike 0-2: Ball 1-2: Strikes out swinging
|
| Top of the 7th over - 0 runs, 1 hit, 0 errors, 1 left on base; Corpus Christi 0 - Midland 2 |
| BOTTOM OF THE 7TH |
|
Midland RockHounds batting - Pitching for Corpus Christi Hooks : RHP Alexander Hagan
|
|
Batting: SHB John Cummings
|
0-0: Ball 1-0: Ball 2-0: DOUBLE (Line Drive, 78XD, EV 110.0 MPH)
|
|
Batting: RHB Fathi Addae
|
0-0: Called Strike 0-1: Ball 1-1: Foul Ball, location: 2F 1-2: Foul Ball, location: 2F 1-2: SINGLE (Groundball, 15S, EV 63.8 MPH) (infield hit) John Cummings to third
|
|
Batting: SHB Quincy Bradford
|
0-0: Called Strike 0-1: Swinging Strike 0-2: Foul Ball, location: 2F 0-2: Ball 1-2: Ball 2-2: Fly out, F6 (Popup, 4M, EV 78.8 MPH)
|
|
Batting: RHB Bastiaan Leenders
|
0-0: Ball 1-0: Called Strike 1-1: Foul Ball, location: 2F 1-2: Hit by Pitch Fathi Addae to second
|
|
Batting: RHB Willie de los Santos
|
0-0: Ball 1-0: Swinging Strike 1-1: Foul Ball, location: 2F 1-2: Ball 2-2: Foul Ball, location: 2F 2-2: Grounds into fielders choice 6-2 (Groundball, 6S, EV 82.5 MPH) Fathi Addae to third Bastiaan Leenders to second
|
|
Batting: RHB Mario Ramos
|
0-0: Ball 1-0: Foul Ball, location: 2F 1-1: Reached on error, E6 (Groundball, 6MS, EV 85.0 MPH) Fathi Addae scores Bastiaan Leenders scores Willie de los Santos to third
|
|
Pitching: LHP Bobby Doerr
|
|
|
Batting: LHB Chance Stever
|
0-0: Called Strike 0-1: Ball 1-1: Ball 2-1: Ball 3-1: Ground out 3-1 (Groundball, 34, EV 106.9 MPH)
|
| Bottom of the 7th over - 2 runs, 2 hits, 1 error, 2 left on base; Corpus Christi 0 - Midland 4 |
| TOP OF THE 8TH |
|
Corpus Christi Hooks batting - Pitching for Midland RockHounds : LHP Jin-ho Koo
|
|
Pitching: RHP George Rubio
|
|
|
Batting: SHB Chris Keziah
|
0-0: Foul Ball, location: 2F 0-1: Foul Ball, location: 2F 0-2: Foul Ball, location: 2F 0-2: Strikes out swinging
|
|
Batting: RHB Greg Marlar
|
0-0: Ball 1-0: Ball 2-0: Swinging Strike 2-1: Swinging Strike 2-2: Ball 3-2: Ground out 4-3 (Groundball, 4, EV 106.9 MPH)
|
|
Batting: RHB Jeremy Trump
|
0-0: Ball 1-0: Ball 2-0: Called Strike 2-1: Foul Ball, location: 2F 2-2: Strikes out swinging
|
| Top of the 8th over - 0 runs, 0 hits, 0 errors, 0 left on base; Corpus Christi 0 - Midland 4 |
| BOTTOM OF THE 8TH |
|
Midland RockHounds batting - Pitching for Corpus Christi Hooks : LHP Bobby Doerr
|
|
Batting: RHB Jorge Bernal
|
0-0: Ball 1-0: SINGLE (Groundball, 6, EV 94.4 MPH)
|
|
Batting: RHB Chris Montgomery
|
0-0: Swinging Strike 0-1: 2-RUN HOME RUN (Flyball, 78XD, EV 99.4 MPH), Distance : 392 ft
|
|
Batting: SHB John Cummings
|
0-0: Called Strike 0-1: Ball 1-1: Ball 2-1: Foul Ball, location: 2F 2-2: Fly out, F3 (Flyball, 3D, EV 79.4 MPH)
|
|
Batting: RHB Fathi Addae
|
0-0: Swinging Strike 0-1: Ball 1-1: Ball 2-1: Ball 3-1: Ground out 5-3 (Groundball, 5, EV 81.2 MPH)
|
|
Batting: SHB Quincy Bradford
|
0-0: Fly out, F4 (Line Drive, 4, EV 69.4 MPH)
|
| Bottom of the 8th over - 2 runs, 2 hits, 0 errors, 0 left on base; Corpus Christi 0 - Midland 6 |
| TOP OF THE 9TH |
|
Corpus Christi Hooks batting - Pitching for Midland RockHounds : RHP George Rubio
|
|
Batting: RHB Paul Shell
|
0-0: Foul Ball, location: 2F 0-1: Ball 1-1: Swinging Strike 1-2: Strikes out swinging
|
|
Batting: SHB Nate Kopchak
|
0-0: Ball 1-0: Foul Ball, location: 2F 1-1: Ground out 6-3 (Groundball, 6, EV 91.9 MPH)
|
|
Batting: LHB Nick Foutz
|
0-0: Called Strike 0-1: Foul Ball, location: 2F 0-2: Strikes out looking
|
| Top of the 9th over - 0 runs, 0 hits, 0 errors, 0 left on base; Corpus Christi 0 - Midland 6 |
|